 Dungeon Crawl Stone Soup version 0.16-a0-2818-g1ef6e07 (webtiles) character file.

8795 Johnny the Reanimator (level 10, -2/69 HPs)
             Began as a Demigod Necromancer on Nov 28, 2014.
             Slain by a skeletal warrior
             ... wielding a +0 trident
              (20 damage)
             ... on level 11 of the Dungeon.
             The game lasted 00:33:27 (13288 turns).

Johnny the Reanimator (Demigod Necromancer)        Turns: 13288, Time: 00:33:27

Health: -2/69      AC:  6    Str: 11    XL:     10   Next: 92%
Magic:  24/37      EV: 16    Int: 25    God:
Gold:   633        SH:  0    Dex: 16    Spells: 6 memorised, 2 levels left

rFire  . . .     SeeInvis .     a - +8 scimitar (elec)
rCold  + . .     Clarity  .     p - +2 leather armour {MR+}
rNeg   . . .     SustAb   +     (no shield)
rPois  .         Gourm    .     (no helmet)
rElec  .         Spirit   .     (no cloak)
rCorr  .         Warding  .     E - +0 pair of gloves
rMut   .         Stasis   .     (no boots)
MR     ++...                    k - amulet of regeneration
Stlth  ++........               M - ring of protection from cold
                                n - ring of magical power

@: very resistant to hostile enchantments, unstealthy
A: sustain abilities
a: no special abilities


You were on level 11 of the Dungeon.
You were very hungry.

You visited 1 branch of the dungeon, and saw 11 of its levels.

You collected 633 gold pieces.

Inventory:

Hand weapons
 a - a +8 scimitar of electrocution (weapon)
 v - a +0 hand axe
 x - a +0 dagger of protection
 I - a cursed -3 mace
 J - a +1 short sword of electrocution
 P - a +0 quarterstaff of speed
Armour
 p - a +2 leather armour of magic resistance (worn)
 E - a +0 pair of gloves (worn)
Jewellery
 k - an amulet of regeneration (around neck)
 n - a ring of magical power (left hand)
 r - an uncursed ring of wizardry
 M - a ring of protection from cold (right hand)
Magical devices
 y - a wand of polymorph (0)
 H - a wand of enslavement (5)
Scrolls
 d - 2 scrolls of recharging
 f - 3 scrolls of amnesia
 j - a scroll of immolation
 l - a scroll of magic mapping
 q - 2 scrolls of teleportation
 w - 4 scrolls of remove curse
 A - a scroll of noise {unknown}
 B - a scroll of acquirement {unknown}
 F - 2 scrolls of fear
 K - a scroll of fog
 Q - a scroll of enchant armour
Potions
 e - 2 potions of curing
 h - 2 potions of cancellation
 i - 2 potions of haste
 m - 2 potions of heal wounds
 o - a potion of invisibility {unknown}
 s - 3 potions of berserk rage {unknown}
 t - 3 potions of brilliance
 u - 3 potions of restore abilities
 z - 2 potions of degeneration {unknown}
 D - a potion of lignification {unknown}
 G - a potion of poison {unknown}
 L - 2 potions of resistance {unknown}
 O - a potion of flight {unknown}
Books
 b - a book of Necromancy

   Spells                             Type                      Level
   *Pain                              Necromancy                   1
   Animate Skeleton                   Necromancy                   1
   *Vampiric Draining                 Necromancy                   3
   Regeneration                       Charms/Necromancy            3
   Animate Dead                       Necromancy                   4
   *Control Undead                    Necromancy                   4
 R - a book of Wizardry

   Spells                             Type                      Level
   *Agony                             Necromancy                   5
   Force Lance                        Conjuration/Translocation    4
   *Haste                             Charms                       6
   Invisibility                       Hexes                        6
   Spellforged Servitor               Conjuration/Summoning        7
 S - a Fen Folio

   Spells                             Type                      Level
   Corpse Rot                         Necromancy                   2
   *Stone Arrow                       Conjuration/Earth            3
   Leda's Liquefaction                Hexes/Earth                  4
   Summon Forest                      Summoning/Translocation      5
   Hydra Form                         Transmutation                6
   Summon Hydra                       Summoning                    7
Comestibles
 c - 5 bread rations
 g - 10 royal jellies
 C - 3 fruits
 N - 3 meat rations


   Skills:
 + Level 0.6 Long Blades
 * Level 8.7 Dodging
 - Level 1.7 Stealth
 + Level 7.6 Spellcasting
 + Level 1.4 Conjurations
 * Level 2.5 Charms
 * Level 9.2 Necromancy
 * Level 2.1 Earth Magic
 + Level 5.7 Evocations


You had 2 spell levels left.
You knew the following spells:

 Your Spells              Type           Power        Failure   Level  Hunger
a - Pain                  Necr           ####         1%          1    None
b - Control Undead        Necr           ######....   1%          4    ##.....
c - Vampiric Draining     Necr           ######....   1%          3    None
d - Agony                 Necr           ######..     4%          5    #####..
e - Haste                 Chrm           ###.....     100%        6    ######.
f - Stone Arrow           Conj/Erth      ###...       12%         3    None


Dungeon Overview and Level Annotations

Branches:
Dungeon (11/15)            Temple (0/1) D:4            Lair (0/8) D:8
    Orc: D:9-12

Annotations:
D:4 Grinder


Innate Abilities, Weirdness & Mutations

Your attributes are resistant to harm.


Message History

The skeletal warrior resists with almost no effort.
The skeletal warrior hits you with a long sword!
* * * LOW HITPOINT WARNING * * *
Unknown command.
Unknown command.
Something hits the skeletal warrior but does no damage.
Casting: Control Undead
Confirm with . or Enter, or press ? or * to list all spells.
The skeletal warrior resists with almost no effort.
The skeletal warrior easily resists.
You are feeling very hungry.
Unknown command.
Casting: Control Undead
Confirm with . or Enter, or press ? or * to list all spells.
The skeletal warrior easily resists.
The skeletal warrior resists with almost no effort.
Something hits the skeletal warrior.
The skeletal warrior is destroyed!
The skeletal warrior hits you from afar with a trident!!
You die...

#............
#.............
#.............
#.............
+.............#
#....<........#
######'########
#.######
#..@.z.#
######)#
...........#
..........#
.......zz.#
..........#
....(....+
........#
...!...#


You could see a skeletal warrior.

Vanquished Creatures
  Pikel (D:5)
  A hill giant (D:10)
  The ghost of Johnny the Grave Robber, an experienced DgNe (D:7)
  A troll (D:10)
  A trapdoor spider zombie (D:11)
  13 yaks
  A hippogriff (D:10)
  A water moccasin (D:9)
  Edmund (D:4)
  A soldier ant (D:10)
  A black bear (D:9)
  3 ice beasts
  4 centaurs
  A yellow wasp (D:9)
  A phantom (D:10)
  3 sky beasts
  6 orc warriors
  8 ogres
  A big kobold (D:10)
  2 giant frogs
  A wyvern zombie (D:10)
  6 scorpions
  A wyvern skeleton (D:8)
  2 wights (D:7)
  5 killer bees (D:8)
  A goliath beetle (D:9)
  A centaur zombie (D:9)
  A crimson imp (D:9)
  2 giant frog skeletons
  6 hounds
  4 giant frog zombies
  6 orc priests
  A centaur skeleton (D:5)
  2 iguanas
  4 jellies
  6 orc wizards
  A gnoll shaman (D:7)
  2 worker ants
  A hound skeleton (D:9)
  A worker ant zombie (D:8)
  11 gnolls
  9 adders
  3 worms
  3 giant mites (D:5)
  2 shadow imps (D:9)
  An adder skeleton (D:7)
  6 giant geckos
  6 oozes
  34 orcs
  10 bats
  A bat zombie (D:5)
  6 giant cockroaches
  19 hobgoblins
  14 jackals
  27 kobolds
  5 quokkas
  A ball python (D:2)
  2 giant newts
  12 goblins
  A quokka skeleton (D:7)
  5 rats
  A ballistomycete (D:9)
285 creatures vanquished.

Vanquished Creatures (collateral kills)
  A skeletal warrior (D:11)
  An ogre (D:7)
  2 wights (D:7)
  A goliath beetle (D:7)
  3 hounds (D:7)
  A jelly (D:7)
  An orc wizard (D:10)
  A killer bee zombie (D:10)
  An adder (D:7)
  A giant mite (D:7)
  3 orcs (D:10)
  2 jackals (D:7)
  A giant newt (D:7)
  A rat (D:7)
  A ballistomycete (D:7)
21 creatures vanquished.

Vanquished Creatures (others)
  A crimson imp (D:5)
  A quasit (D:8)
  A worker ant zombie (D:8)
  An ooze (D:5)
  3 orcs (D:5)
  A hobgoblin (D:5)
  2 giant spores
10 creatures vanquished.

Grand Total: 316 creatures vanquished

Notes
Turn   | Place    | Note
--------------------------------------------------------------
     0 | D:1      | Johnny, the Demigod Necromancer, began the quest for the Orb.
     0 | D:1      | Reached XP level 1. HP: 14/14 MP: 3/3
   737 | D:1      | Reached XP level 2. HP: 18/20 MP: 1/4
  1083 | D:1      | Reached skill level 4 in Necromancy
  2048 | D:2      | Reached XP level 3. HP: 10/26 MP: 4/8
  2053 | D:2      | Learned a level 3 spell: Vampiric Draining
  3142 | D:2      | Found an opulent altar of Gozag.
  3283 | D:2      | Reached XP level 4. HP: 31/33 MP: 11/11
  3327 | D:2      | Found a shattered altar of Ashenzari.
  4564 | D:4      | Noticed Grinder
  4575 | D:3      | Reached XP level 5. HP: 20/38 MP: 10/14
  4712 | D:3      | Learned a level 4 spell: Control Undead
  4766 | D:4      | Noticed Edmund
  4886 | D:4      | Killed Edmund
  4886 | D:4      | Reached skill level 5 in Necromancy
  5086 | D:4      | Found a staircase to the Ecumenical Temple.
  5099 | D:5      | Entered Level 5 of the Dungeon
  5116 | D:5      | Reached XP level 6. HP: 8/45 MP: 12/17
  5408 | D:5      | Found a sacrificial altar of Ru.
  5413 | D:5      | Noticed a slave
  5414 | D:5      | Noticed Pikel
  5415 | D:5      | Noticed a slave
  5416 | D:5      | Noticed a slave
  5442 | D:5      | Killed Pikel
  5442 | D:5      | Reached skill level 1 in Evocations
  5442 | D:5      | Reached XP level 7. HP: 30/50 MP: 3/20
  5641 | D:5      | HP: 2/50 [centaur (8)]
  6202 | D:5      | Reached skill level 5 in Dodging
  6202 | D:5      | Reached skill level 6 in Necromancy
  6376 | D:5      | Reached XP level 8. HP: 47/57 MP: 22/22
  6718 | D:6      | Found a radiant altar of Vehumet.
  6941 | D:6      | Reached skill level 5 in Spellcasting
  7629 | D:7      | Noticed Johnny's ghost (experienced DgNe)
  7805 | D:7      | Reached skill level 7 in Necromancy
  8130 | D:7      | Johnny's ghost (ally) was killed
  8130 | D:7      | Your ally Johnny died
  8358 | D:7      | Reached XP level 9. HP: 34/62 MP: 3/25
  9691 | D:8      | Found a shadowy altar of Dithmenos.
  9991 | D:8      | Reached skill level 8 in Necromancy
 10218 | D:8      | Found a staircase to the Lair.
 10752 | D:9      | Reached XP level 10. HP: 42/69 MP: 27/27
 10764 | D:9      | Reached skill level 5 in Evocations
 11168 | D:9      | Found a radiant altar of Vehumet.
 11168 | D:9      | Found a white marble altar of Elyvilon.
 11319 | D:9      | Learned a level 5 spell: Agony
 11326 | D:9      | Learned a level 6 spell: Haste
 11335 | D:9      | Paralysed by a yellow wasp for 1 turns
 11528 | D:9      | Learned a level 3 spell: Stone Arrow
 11750 | D:10     | Entered Level 10 of the Dungeon
 11792 | D:10     | Reached skill level 1 in Charms
 12029 | D:10     | Reached skill level 9 in Necromancy
 12378 | D:10     | Noticed a hill giant
 12390 | D:10     | Killed a hill giant
 12390 | D:10     | Reached skill level 1 in Conjurations
 12390 | D:10     | Reached skill level 1 in Earth Magic
 12916 | D:10     | Found a roughly hewn altar of Beogh.
 13276 | D:11     | Noticed a skeletal warrior
 13277 | D:11     | Noticed a skeletal warrior
 13280 | D:11     | Noticed a skeletal warrior
 13288 | D:11     | Killed a skeletal warrior
 13288 | D:11     | Slain by a skeletal warrior

Action                   |  1- 3 |  4- 6 |  7- 9 | 10-12 || total
-------------------------+-------+-------+-------+-------++-------
Melee: Dagger            |    48 |     3 |   179 |       ||   230
       Unarmed           |     1 |       |       |       ||     1
       Scimitar          |       |       |   111 |   200 ||   311
 Cast: Pain              |    95 |   123 |   194 |    13 ||   425
       Vampiric Draining |     5 |    15 |   118 |    53 ||   191
       Control Undead    |       |       |    29 |     7 ||    36
       Agony             |       |       |       |    15 ||    15
  Use: Scroll            |     2 |     5 |     7 |     7 ||    21
       Potion            |     1 |       |       |       ||     1
 Stab: Sleeping          |     1 |       |     6 |       ||     7
       Held in net/web   |       |       |     1 |       ||     1
       Distracted        |       |       |     3 |       ||     3
  Eat: Chunk             |     7 |     7 |    20 |    12 ||    46
       Beef jerky        |     1 |       |     1 |     1 ||     3
       Fruit             |       |       |     1 |       ||     1
       Royal jelly       |       |       |     2 |       ||     2
